Vancouver Canucks vs Arizona Coyotes
Created - Wednesday, May 15, 2024 at 06:52
Goals
|
| Vancouver Canucks |
1 |
0 |
0 |
1 |
| Arizona Coyotes |
0 |
2 |
0 |
2 |
|
Shots
|
| Vancouver Canucks |
15 |
11 |
6 |
32 |
| Arizona Coyotes |
10 |
17 |
16 |
43 |
|
1st period
1. Vancouver Canucks , Artturi Lehkonen 22 (Casey Mittelstadt 25) at 6:37
Penalties :
Radko Gudas (AZC) for Holding (Minor) at 1:44, Noah Hanifin (VAN) for Interference (Minor) at 13:05, Radko Gudas (AZC) for Tripping (Minor) at 18:06
2nd period
2. Arizona Coyotes , James van Riemsdyk 20 (Charlie Coyle 39) at 2:37
3. Arizona Coyotes , Brandon Tanev 9 (Jared Spurgeon 15, Jakob Silfverberg 14) at 14:09
Penalties :
Radko Gudas (AZC) for Cross-checking (Minor) at 3:11, Mason McTavish (AZC) for Holding (Minor) at 9:17
3rd period
No Goal
Penalties :
Robby Fabbri (VAN) for Kneeing (Minor) at 8:16, Radko Gudas (AZC) for Tripping (Minor) at 13:42
Goalie Stats
Joonas Korpisalo (VAN), 41 saves from 43 shots - (0.953), L, 21-20-5, 59:06 minutes
Carter Hart (AZC), 31 saves from 32 shots - (0.969), W, 25-27-5, 60:00 minutes
Players Stats for Vancouver Canucks
Player Name G A P +/- PIM S H SB GA TA FO MP PP MP PK MP
------------------------------------------------------------------------------------
Adam Boqvist 0 0 0 0 0 0 1 0 0 1 0/0 13:42 0:00 0:47
Aleksander Barkov 0 0 0 -1 0 6 0 0 1 1 16/22 20:49 4:51 1:52
Anton Lundell 0 0 0 0 0 0 0 1 0 0 0/0 8:17 0:36 0:00
Artturi Lehkonen 1 0 1 0 0 7 5 1 1 0 2/3 20:21 5:04 2:06
Casey Mittelstadt 0 1 1 0 0 3 0 1 0 0 0/2 15:27 4:50 0:00
Chad Ruhwedel 0 0 0 0 0 0 1 1 0 0 0/0 21:01 4:59 2:15
Clayton Keller 0 0 0 -1 0 1 2 1 0 0 1/4 22:54 4:54 2:06
Jacob Bryson 0 0 0 0 0 0 1 2 0 0 0/0 19:33 4:59 2:05
Jesperi Kotkaniemi 0 0 0 0 0 2 1 0 1 0 4/12 11:48 0:00 0:00
Justin Schultz 0 0 0 -1 0 0 0 1 0 2 0/0 14:20 0:00 0:10
Kasperi Kapanen 0 0 0 0 0 0 1 0 0 0 0/3 14:38 3:56 0:00
Mikko Rantanen 0 0 0 -1 0 5 1 1 2 0 1/2 21:14 4:51 1:52
Miro Heiskanen 0 0 0 0 0 3 1 3 0 3 0/0 25:52 4:56 1:43
Noah Cates 0 0 0 0 0 1 0 0 0 1 2/4 6:37 0:00 0:00
Noah Hanifin 0 0 0 -1 2 1 2 3 1 2 0/0 26:34 4:56 0:56
Robby Fabbri 0 0 0 0 2 1 0 0 0 0 6/12 12:31 0:00 0:00
Sam Lafferty 0 0 0 0 0 2 1 0 1 0 0/1 7:39 0:00 0:00
Taylor Raddysh 0 0 0 0 0 0 3 1 0 0 0/1 12:43 0:43 0:00
Players Stats for Arizona Coyotes
Player Name G A P +/- PIM S H SB GA TA FO MP PP MP PK MP
------------------------------------------------------------------------------------
Brandon Tanev 1 0 1 1 0 2 0 0 0 0 0/0 8:41 0:00 0:00
Brayden McNabb 0 0 0 0 0 2 3 1 0 0 0/0 22:47 2:45 5:05
Brock McGinn 0 0 0 1 0 0 0 0 1 0 0/1 8:41 0:00 0:00
Charlie Coyle 0 1 1 0 0 4 0 1 0 0 1/2 20:04 1:42 4:21
Claude Giroux 0 0 0 0 0 5 1 0 0 0 10/17 20:04 1:42 4:21
Erik Haula 0 0 0 1 0 1 0 1 1 0 4/7 11:19 0:00 0:00
Jakob Silfverberg 0 1 1 1 0 2 0 0 2 1 0/0 11:19 0:00 0:00
James van Riemsdyk 1 0 1 1 0 2 2 0 0 0 1/1 11:07 0:00 0:50
Jani Hakanpaa 0 0 0 1 0 0 0 1 0 2 0/0 22:47 1:13 4:49
Jared Spurgeon 0 1 1 1 0 2 1 0 0 1 0/0 22:53 1:13 4:49
Johnathan Kovacevic 0 0 0 0 0 2 1 2 0 1 0/0 14:26 0:00 0:01
Mason McTavish 0 0 0 -1 2 9 2 1 1 0 0/0 16:29 2:16 0:45
Mats Zuccarello 0 0 0 0 0 5 1 0 1 0 2/7 19:51 1:42 4:37
Matt Dumba 0 0 0 0 0 1 2 1 1 0 0/0 17:33 0:00 4:14
Ondrej Palat 0 0 0 -1 0 1 0 0 1 1 0/2 14:05 2:16 0:00
Radko Gudas 0 0 0 0 8 0 2 1 1 0 0/0 19:54 2:45 0:51
Ross Colton 0 0 0 1 0 2 0 0 1 0 3/4 8:41 0:00 0:00
Tyler Seguin 0 0 0 -1 0 3 0 0 0 1 13/25 19:19 2:16 4:57
3 Stars
1 - Carter Hart (AZC)
2 - Joonas Korpisalo (VAN)
3 - James van Riemsdyk (AZC)
Power Play
Vancouver Canucks - 0 on 5 Attempt(s) - 0.00%
Arizona Coyotes - 0 on 2 Attempt(s) - 0.00%
Penalty Kill
Vancouver Canucks - 2 on 2 Attempt(s) - 100.00%
- Score 0 goal in Penalty Kill
Arizona Coyotes - 5 on 5 Attempt(s) - 100.00%
- Score 0 goal in Penalty Kill
Team Stat
Vancouver Canucks - Hits : 20 - Faceoff Wins : 32 - Blocked Shots : 16 - Penalty Minutes : 4
Arizona Coyotes - Hits : 15 - Faceoff Wins : 34 - Blocked Shots : 9 - Penalty Minutes : 10
Official
Referees : Frederick L'Ecuyer and Kelly Sutherland
Linesman : Bryan Pancich and Shane Heyer
Game Notes
Kasperi Kapanen is injured at 11:52 of 3rd period (Bruised Right Arm)
Finance
Level 1 -- Attendance: 5966 (99.43%) -- Ticket Income $554,838
Level 2 -- Attendance: 4290 (85.80%) -- Ticket Income $223,080
Level 3 -- Attendance: 2520 (84.00%) -- Ticket Income $78,120
Level 4 -- Attendance: 4642 (92.84%) -- Ticket Income $102,124
Luxury Box -- Attendance: 966 (96.60%) -- Ticket Income $185,472
Game was played at the Gila River Arena.
Total Attendance: 18384 (91.92%)
Total Ticket Income: $1,143,634
Other Income: $400,272
Total Income: $1,543,906
Vancouver Canucks
5 vs 5 Forward
Center Left Wing Right Wing Time % Phy DF OF
1 Aleksander Barkov Clayton Keller Mikko Rantanen 30 1 2 2
2 Robby Fabbri Artturi Lehkonen Kasperi Kapanen 30 1 2 2
3 Jesperi Kotkaniemi Casey Mittelstadt Taylor Raddysh 25 1 2 2
4 Noah Cates Anton Lundell Sam Lafferty 15 1 2 2
5 vs 5 Defense
Defense Defense Time % Phy DF OF
1 Adam Boqvist Miro Heiskanen 30 1 2 2
2 Noah Hanifin Justin Schultz 30 1 2 2
3 Chad Ruhwedel Jacob Bryson 25 1 2 2
4 Noah Hanifin Miro Heiskanen 15 1 2 2
PowerPlay Forward
Center Left Wing Right Wing Time % Phy DF OF
1 Aleksander Barkov Clayton Keller Mikko Rantanen 50 1 2 2
2 Casey Mittelstadt Artturi Lehkonen Kasperi Kapanen 50 1 2 2
PowerPlay Defense
Defense Defense Time % Phy DF OF
1 Noah Hanifin Miro Heiskanen 50 1 2 2
2 Chad Ruhwedel Jacob Bryson 50 1 2 2
Penalty Kill 4 Players Forward
Center Wing Time % Phy DF OF
1 Aleksander Barkov Mikko Rantanen 50 1 2 2
2 Clayton Keller Artturi Lehkonen 50 1 2 2
Penalty Kill 4 Players Defense
Defense Defense Time % Phy DF OF
1 Noah Hanifin Miro Heiskanen 50 1 2 2
2 Chad Ruhwedel Jacob Bryson 50 1 2 2
Penalty Kill - 3 Players Forward
Forward Time % Phy DF OF
1 Aleksander Barkov 50 1 2 2
2 Mikko Rantanen 50 1 2 2
Penalty Kill - 3 Players Defense
Defense Defense Time % Phy DF OF
1 Noah Hanifin Miro Heiskanen 50 1 2 2
2 Chad Ruhwedel Adam Boqvist 50 1 2 2
4 vs 4 Forward
Center Wing Time % Phy DF OF
1 Aleksander Barkov Mikko Rantanen 50 1 2 2
2 Clayton Keller Artturi Lehkonen 50 1 2 2
4 vs 4 Defense
Defense Defense Time % Phy DF OF
1 Noah Hanifin Miro Heiskanen 50 1 2 2
2 Chad Ruhwedel Justin Schultz 50 1 2 2
Last Minutes Offensive
Center Left Wing Right Wing Defense Defense
Aleksander Barkov Clayton Keller Mikko Rantanen Noah Hanifin Miro Heiskanen
Last Minutes Defensive
Center Left Wing Right Wing Defense Defense
Aleksander Barkov Clayton Keller Mikko Rantanen Noah Hanifin Miro Heiskanen
Goaltenders
Starting : Joonas Korpisalo
Backup : Ville Husso
Extra Forwards
Normal : Taylor Raddysh, Anton Lundell, Jesperi Kotkaniemi - PP : Taylor Raddysh, Anton Lundell - PK : Jesperi Kotkaniemi
Extra Defensemen
Normal : Miro Heiskanen, Jacob Bryson, Chad Ruhwedel - PP : Noah Hanifin - PK : Jacob Bryson, Chad Ruhwedel
Penalty Shots
Aleksander Barkov, Mikko Rantanen, Clayton Keller, Artturi Lehkonen, Casey Mittelstadt
Arizona Coyotes
5 vs 5 Forward
Center Left Wing Right Wing Time % Phy DF OF
1 Claude Giroux Mats Zuccarello Charlie Coyle 30 1 2 2
2 Tyler Seguin Mason McTavish Ondrej Palat 30 1 2 2
3 Erik Haula Jakob Silfverberg James van Riemsdyk 25 1 2 2
4 Ross Colton Brandon Tanev Brock McGinn 15 1 2 2
5 vs 5 Defense
Defense Defense Time % Phy DF OF
1 Jared Spurgeon Jani Hakanpaa 38 1 2 2
2 Brayden McNabb Radko Gudas 37 1 2 2
3 Johnathan Kovacevic Matt Dumba 25 1 2 2
4 Jared Spurgeon Jani Hakanpaa 0 1 2 2
PowerPlay Forward
Center Left Wing Right Wing Time % Phy DF OF
1 Claude Giroux Mats Zuccarello Charlie Coyle 50 1 2 2
2 Tyler Seguin Mason McTavish Ondrej Palat 50 1 2 2
PowerPlay Defense
Defense Defense Time % Phy DF OF
1 Jared Spurgeon Jani Hakanpaa 50 1 2 2
2 Brayden McNabb Radko Gudas 50 1 2 2
Penalty Kill 4 Players Forward
Center Wing Time % Phy DF OF
1 Claude Giroux Charlie Coyle 50 1 2 2
2 Mats Zuccarello Tyler Seguin 50 1 2 2
Penalty Kill 4 Players Defense
Defense Defense Time % Phy DF OF
1 Jared Spurgeon Jani Hakanpaa 50 1 2 2
2 Brayden McNabb Radko Gudas 50 1 2 2
Penalty Kill - 3 Players Forward
Forward Time % Phy DF OF
1 Claude Giroux 50 1 2 2
2 Charlie Coyle 50 1 2 2
Penalty Kill - 3 Players Defense
Defense Defense Time % Phy DF OF
1 Jared Spurgeon Jani Hakanpaa 50 1 2 2
2 Brayden McNabb Radko Gudas 50 1 2 2
4 vs 4 Forward
Center Wing Time % Phy DF OF
1 Claude Giroux Charlie Coyle 50 1 2 2
2 Mats Zuccarello Tyler Seguin 50 1 2 2
4 vs 4 Defense
Defense Defense Time % Phy DF OF
1 Jared Spurgeon Jani Hakanpaa 50 1 2 2
2 Brayden McNabb Radko Gudas 50 1 2 2
Last Minutes Offensive
Center Left Wing Right Wing Defense Defense
Claude Giroux Mats Zuccarello Charlie Coyle Jared Spurgeon Jani Hakanpaa
Last Minutes Defensive
Center Left Wing Right Wing Defense Defense
Claude Giroux Mats Zuccarello Charlie Coyle Jared Spurgeon Jani Hakanpaa
Goaltenders
Starting : Carter Hart
Backup : Jaroslav Halak
Extra Forwards
Normal : Erik Haula, Jakob Silfverberg, James van Riemsdyk - PP : Erik Haula, Jakob Silfverberg - PK : James van Riemsdyk
Extra Defensemen
Normal : Jared Spurgeon, Matt Dumba, Brayden McNabb - PP : Jani Hakanpaa - PK : Matt Dumba, Brayden McNabb
Penalty Shots
Charlie Coyle, Claude Giroux, Mats Zuccarello, Tyler Seguin, Mason McTavish
% Time on Ice - Vancouver Canucks
Lines # - Real PCT - Wanted PCT - Time Play
Normal Forward
1 - 29% - 30% - 13:01
2 - 33% - 30% - 15:02
3 - 23% - 25% - 10:22
4 - 15% - 15% - 6:37
Normal Defense
1 - 31% - 30% - 13:53
2 - 31% - 30% - 14:10
3 - 25% - 25% - 11:26
4 - 12% - 15% - 5:33
PP Forward
1 - 49% - 50% - 4:51
2 - 51% - 50% - 5:04
PP Defense
1 - 50% - 50% - 4:56
2 - 50% - 50% - 4:59
PK Forward
1 - 47% - 50% - 1:52
2 - 53% - 50% - 2:06
PK Defense
1 - 47% - 50% - 1:53
2 - 53% - 50% - 2:05
PK3 Forward
1 - 0% - 50%
2 - 0% - 50%
PK3 Defense
1 - 0% - 50%
2 - 0% - 50%
44 Forward
1 - 0% - 50%
2 - 0% - 50%
44 Defense
1 - 0% - 50%
2 - 0% - 50%
Last Minute Offensive - 1:05
Last Minute Defensive - 0:00
Total
Forward - 60:00
Defense - 60:00
|
% Time on Ice - Arizona Coyotes
Lines # - Real PCT - Wanted PCT - Time Play
Normal Forward
1 - 31% - 30% - 13:50
2 - 27% - 30% - 12:06
3 - 23% - 25% - 10:17
4 - 19% - 15% - 8:41
Normal Defense
1 - 36% - 38% - 16:12
2 - 35% - 37% - 15:48
3 - 29% - 25% - 12:54
4 - 0% - 0% - 0:00
PP Forward
1 - 43% - 50% - 1:42
2 - 57% - 50% - 2:16
PP Defense
1 - 31% - 50% - 1:13
2 - 69% - 50% - 2:45
PK Forward
1 - 50% - 50% - 4:58
2 - 50% - 50% - 4:57
PK Defense
1 - 47% - 50% - 4:37
2 - 53% - 50% - 5:18
PK3 Forward
1 - 0% - 50%
2 - 0% - 50%
PK3 Defense
1 - 0% - 50%
2 - 0% - 50%
44 Forward
1 - 0% - 50%
2 - 0% - 50%
44 Defense
1 - 0% - 50%
2 - 0% - 50%
Last Minute Offensive - 0:00
Last Minute Defensive - 1:13
Total
Forward - 60:00
Defense - 60:00
|
Play-by-Play
1st period
0:01 of 1st period - Claude Giroux wins face-off versus Mikko Rantanen in neutral zone.
0:05 of 1st period - Off-side.
0:06 of 1st period - Aleksander Barkov wins face-off versus Charlie Coyle in neutral zone.
0:09 of 1st period - Jani Hakanpaa is hit by Miro Heiskanen and loses puck.
0:14 of 1st period - Wrist shot by Mikko Rantanen.
0:14 of 1st period - Shot Misses the Net.
0:16 of 1st period - Slapshot by Aleksander Barkov.
0:16 of 1st period - Shot Misses the Net.
1:15 of 1st period - Slapshot by Claude Giroux.
1:15 of 1st period - Stopped by Joonas Korpisalo with a rebound.
1:25 of 1st period - Wrist shot by Artturi Lehkonen.
1:25 of 1st period - Stopped by Carter Hart without a rebound.
1:26 of 1st period - Jesperi Kotkaniemi wins face-off versus Tyler Seguin in Arizona Coyotes zone.
1:35 of 1st period - Wrist shot by Jesperi Kotkaniemi.
1:35 of 1st period - Shot Misses the Net.
1:37 of 1st period - Wrist shot by Taylor Raddysh.
1:37 of 1st period - Shot Misses the Net.
1:44 of 1st period - Minor Penalty to Radko Gudas for Holding.
1:45 of 1st period - Aleksander Barkov wins face-off versus Mats Zuccarello in Arizona Coyotes zone.
1:45 of 1st period - Snap shot by Mikko Rantanen.
1:45 of 1st period - Deflect By Aleksander Barkov.
1:45 of 1st period - Stopped by Carter Hart with a rebound.
3:44 of 1st period - Penalty to Radko Gudas is over, Radko Gudas is back on ice.
3:50 of 1st period - Snap shot by Claude Giroux.
3:50 of 1st period - Shot Misses the Net.
4:00 of 1st period - Snap shot by Charlie Coyle.
4:00 of 1st period - Stopped by Joonas Korpisalo with a rebound.
4:14 of 1st period - Snap shot by Charlie Coyle.
4:14 of 1st period - Stopped by Joonas Korpisalo with a rebound.
4:16 of 1st period - Slapshot by Mason McTavish.
4:16 of 1st period - Deflect By Claude Giroux.
4:16 of 1st period - Stopped by Joonas Korpisalo with a rebound.
4:40 of 1st period - Snap shot by Ross Colton.
4:40 of 1st period - Shot Blocked by Miro Heiskanen.
4:49 of 1st period - Icing by Johnathan Kovacevic.
4:50 of 1st period - Jesperi Kotkaniemi wins face-off versus Brock McGinn in Arizona Coyotes zone.
5:42 of 1st period - Jared Spurgeon is hit by Taylor Raddysh.
5:48 of 1st period - Snap shot by Erik Haula.
5:48 of 1st period - Shot Blocked by Miro Heiskanen.
5:50 of 1st period - Slapshot by Jani Hakanpaa.
5:50 of 1st period - Deflect By James van Riemsdyk.
5:50 of 1st period - Shot Misses the Net.
5:50 of 1st period - Puck is out of play.
5:51 of 1st period - Aleksander Barkov wins face-off versus Erik Haula in Vancouver Canucks zone.
5:51 of 1st period - Aleksander Barkov is hit by Brayden McNabb.
5:59 of 1st period - Snap shot by Aleksander Barkov.
5:59 of 1st period - Stopped by Carter Hart with a rebound.
6:35 of 1st period - Slapshot by Artturi Lehkonen.
6:35 of 1st period - Stopped by Carter Hart with a rebound.
6:37 of 1st period - Snap shot by Artturi Lehkonen.
6:37 of 1st period - Goal by Artturi Lehkonen - Vancouver Canucks : 1 - Arizona Coyotes : 0.
6:38 of 1st period - James van Riemsdyk wins face-off versus Kasperi Kapanen in neutral zone.
6:46 of 1st period - Off-side.
6:47 of 1st period - Erik Haula wins face-off versus Kasperi Kapanen in neutral zone.
7:14 of 1st period - Slapshot by Artturi Lehkonen.
7:14 of 1st period - Stopped by Carter Hart without a rebound.
7:15 of 1st period - Mikko Rantanen wins face-off versus Tyler Seguin in Arizona Coyotes zone.
7:20 of 1st period - Slapshot by Aleksander Barkov.
7:20 of 1st period - Stopped by Carter Hart without a rebound.
7:21 of 1st period - Aleksander Barkov wins face-off versus Tyler Seguin in Arizona Coyotes zone.
8:35 of 1st period - Wrist shot by Casey Mittelstadt.
8:35 of 1st period - Stopped by Carter Hart without a rebound.
8:36 of 1st period - Aleksander Barkov wins face-off versus Erik Haula in Arizona Coyotes zone.
8:50 of 1st period - Slapshot by Aleksander Barkov.
8:50 of 1st period - Stopped by Carter Hart with a rebound.
8:52 of 1st period - Wrist shot by Clayton Keller.
8:52 of 1st period - Stopped by Carter Hart without a rebound.
8:53 of 1st period - Tyler Seguin wins face-off versus Robby Fabbri in Arizona Coyotes zone.
9:04 of 1st period - Snap shot by Mason McTavish.
9:04 of 1st period - Shot Misses the Net.
9:06 of 1st period - Slapshot by Radko Gudas.
9:06 of 1st period - Shot Blocked by Miro Heiskanen.
9:54 of 1st period - Snap shot by Ross Colton.
9:54 of 1st period - Stopped by Joonas Korpisalo without a rebound.
9:55 of 1st period - Robby Fabbri wins face-off versus Tyler Seguin in Vancouver Canucks zone.
10:10 of 1st period - Snap shot by Mason McTavish.
10:10 of 1st period - Stopped by Joonas Korpisalo with a rebound.
10:20 of 1st period - Chad Ruhwedel is hit by Radko Gudas and loses puck.
10:40 of 1st period - Off-side.
10:41 of 1st period - Noah Cates wins face-off versus Ross Colton in neutral zone.
10:44 of 1st period - Wrist shot by Sam Lafferty.
10:44 of 1st period - Shot Misses the Net.
10:46 of 1st period - Wrist shot by Miro Heiskanen.
10:46 of 1st period - Stopped by Carter Hart without a rebound.
10:47 of 1st period - Ross Colton wins face-off versus Sam Lafferty in Arizona Coyotes zone.
11:12 of 1st period - Snap shot by Tyler Seguin.
11:12 of 1st period - Shot Misses the Net.
11:14 of 1st period - Slapshot by Johnathan Kovacevic.
11:14 of 1st period - Stopped by Joonas Korpisalo with a rebound.
11:16 of 1st period - Slapshot by Matt Dumba.
11:16 of 1st period - Shot Misses the Net.
11:18 of 1st period - Wrist shot by Mason McTavish.
11:18 of 1st period - Stopped by Joonas Korpisalo without a rebound.
11:19 of 1st period - Robby Fabbri wins face-off versus Ondrej Palat in Vancouver Canucks zone.
11:32 of 1st period - Slapshot by Mason McTavish.
11:32 of 1st period - Stopped by Joonas Korpisalo with a rebound.
11:34 of 1st period - Slapshot by Radko Gudas.
11:34 of 1st period - Shot Blocked by Noah Hanifin.
13:05 of 1st period - Minor Penalty to Noah Hanifin for Interference.
13:06 of 1st period - Aleksander Barkov wins face-off versus Claude Giroux in Vancouver Canucks zone.
13:06 of 1st period - Aleksander Barkov is hit by Brayden McNabb.
15:00 of 1st period - Icing by Tyler Seguin.
15:01 of 1st period - Aleksander Barkov wins face-off versus Tyler Seguin in Arizona Coyotes zone.
15:05 of 1st period - Penalty to Noah Hanifin is over, Noah Hanifin is back on ice.
15:12 of 1st period - Wrist shot by James van Riemsdyk.
15:12 of 1st period - Stopped by Joonas Korpisalo with a rebound.
15:46 of 1st period - Brock McGinn is hit by Artturi Lehkonen and loses puck.
16:07 of 1st period - Snap shot by Artturi Lehkonen.
16:07 of 1st period - Stopped by Carter Hart without a rebound.
16:08 of 1st period - Jesperi Kotkaniemi wins face-off versus Tyler Seguin in Arizona Coyotes zone.
16:13 of 1st period - Snap shot by Casey Mittelstadt.
16:13 of 1st period - Deflect By Taylor Raddysh.
16:13 of 1st period - Shot Blocked by Johnathan Kovacevic.
16:13 of 1st period - Puck is out of play.
16:14 of 1st period - Tyler Seguin wins face-off versus Jesperi Kotkaniemi in Arizona Coyotes zone.
17:07 of 1st period - Jared Spurgeon is hit by Adam Boqvist and loses puck.
17:59 of 1st period - Slapshot by Artturi Lehkonen.
17:59 of 1st period - Stopped by Carter Hart without a rebound.
18:00 of 1st period - Noah Cates wins face-off versus Claude Giroux in Arizona Coyotes zone.
18:03 of 1st period - Snap shot by Sam Lafferty.
18:03 of 1st period - Stopped by Carter Hart without a rebound.
18:04 of 1st period - Tyler Seguin wins face-off versus Noah Cates in Arizona Coyotes zone.
18:06 of 1st period - Minor Penalty to Radko Gudas for Tripping.
18:07 of 1st period - Mats Zuccarello wins face-off versus Casey Mittelstadt in Arizona Coyotes zone.
18:07 of 1st period - Mats Zuccarello is hit by Artturi Lehkonen.
18:18 of 1st period - Wrist shot by Casey Mittelstadt.
18:18 of 1st period - Deflect By Artturi Lehkonen.
18:18 of 1st period - Stopped by Carter Hart with a rebound.
19:29 of 1st period - Icing by Kasperi Kapanen.
19:30 of 1st period - Mats Zuccarello wins face-off versus Artturi Lehkonen in Vancouver Canucks zone.
19:49 of 1st period - Mikko Rantanen is hit by Brayden McNabb.
19:53 of 1st period - Brayden McNabb is hit by Chad Ruhwedel and loses puck.
Goals for this period are 1 for Vancouver Canucks vs 0 for Arizona Coyotes.
Shots for this period are 15 for Vancouver Canucks vs 10 for Arizona Coyotes.
2nd period
0:01 of 2nd period - Aleksander Barkov wins face-off versus Mats Zuccarello in neutral zone.
0:06 of 2nd period - Penalty to Radko Gudas is over, Radko Gudas is back on ice.
0:26 of 2nd period - Miro Heiskanen is hit by James van Riemsdyk and loses puck.
0:33 of 2nd period - Snap shot by Jakob Silfverberg.
0:33 of 2nd period - Stopped by Joonas Korpisalo without a rebound.
0:34 of 2nd period - Aleksander Barkov wins face-off versus Erik Haula in Vancouver Canucks zone.
0:45 of 2nd period - Snap shot by James van Riemsdyk.
0:45 of 2nd period - Shot Misses the Net.
1:24 of 2nd period - Snap shot by Taylor Raddysh.
1:24 of 2nd period - Shot Blocked by Brayden McNabb.
1:32 of 2nd period - Slapshot by Charlie Coyle.
1:32 of 2nd period - Shot Misses the Net.
2:02 of 2nd period - Noah Cates is hit by Jared Spurgeon and loses puck.
2:09 of 2nd period - Slapshot by Erik Haula.
2:09 of 2nd period - Shot Misses the Net.
2:11 of 2nd period - Snap shot by Jakob Silfverberg.
2:11 of 2nd period - Stopped by Joonas Korpisalo without a rebound.
2:12 of 2nd period - Aleksander Barkov wins face-off versus Ondrej Palat in Vancouver Canucks zone.
2:37 of 2nd period - Slapshot by James van Riemsdyk.
2:37 of 2nd period - Goal by James van Riemsdyk - Vancouver Canucks : 1 - Arizona Coyotes : 1.
2:38 of 2nd period - Claude Giroux wins face-off versus Aleksander Barkov in neutral zone.
2:43 of 2nd period - Wrist shot by Charlie Coyle.
2:43 of 2nd period - Shot Misses the Net.
2:45 of 2nd period - Wrist shot by Claude Giroux.
2:45 of 2nd period - Stopped by Joonas Korpisalo with a rebound.
2:47 of 2nd period - Slapshot by Claude Giroux.
2:47 of 2nd period - Shot Misses the Net.
2:49 of 2nd period - Slapshot by Brayden McNabb.
2:49 of 2nd period - Shot Blocked by Mikko Rantanen.
2:51 of 2nd period - Snap shot by Brayden McNabb.
2:51 of 2nd period - Stopped by Joonas Korpisalo without a rebound.
2:52 of 2nd period - Aleksander Barkov wins face-off versus Tyler Seguin in Vancouver Canucks zone.
2:52 of 2nd period - Aleksander Barkov is hit by Radko Gudas.
3:11 of 2nd period - Minor Penalty to Radko Gudas for Cross-checking.
3:12 of 2nd period - Aleksander Barkov wins face-off versus Mats Zuccarello in Arizona Coyotes zone.
4:01 of 2nd period - Jacob Bryson is hit by Matt Dumba and loses puck.
4:24 of 2nd period - Claude Giroux is hit by Kasperi Kapanen and loses puck.
5:11 of 2nd period - Penalty to Radko Gudas is over, Radko Gudas is back on ice.
5:18 of 2nd period - Wrist shot by Sam Lafferty.
5:18 of 2nd period - Deflect By Charlie Coyle.
5:18 of 2nd period - Shot Blocked by Matt Dumba.
5:18 of 2nd period - Puck is out of play.
5:19 of 2nd period - Erik Haula wins face-off versus Noah Cates in Arizona Coyotes zone.
5:19 of 2nd period - Erik Haula is hit by Sam Lafferty.
5:45 of 2nd period - Jani Hakanpaa is hit by Taylor Raddysh and loses puck.
6:57 of 2nd period - Icing by Noah Hanifin.
6:58 of 2nd period - Claude Giroux wins face-off versus Jesperi Kotkaniemi in Vancouver Canucks zone.
7:27 of 2nd period - Wrist shot by Jesperi Kotkaniemi.
7:27 of 2nd period - Shot Misses the Net.
7:29 of 2nd period - Slapshot by Justin Schultz.
7:29 of 2nd period - Shot Blocked by Johnathan Kovacevic.
7:31 of 2nd period - Snap shot by Clayton Keller.
7:31 of 2nd period - Shot Misses the Net.
7:33 of 2nd period - Snap shot by Noah Hanifin.
7:33 of 2nd period - Shot Blocked by Mason McTavish.
7:35 of 2nd period - Snap shot by Noah Hanifin.
7:35 of 2nd period - Shot Misses the Net.
7:37 of 2nd period - Snap shot by Aleksander Barkov.
7:37 of 2nd period - Shot Misses the Net.
7:57 of 2nd period - Off-side.
7:58 of 2nd period - Claude Giroux wins face-off versus Robby Fabbri in neutral zone.
8:05 of 2nd period - Slapshot by Mats Zuccarello.
8:05 of 2nd period - Stopped by Joonas Korpisalo with a rebound.
8:07 of 2nd period - Slapshot by Brayden McNabb.
8:07 of 2nd period - Deflect By Artturi Lehkonen.
8:07 of 2nd period - Stopped by Joonas Korpisalo without a rebound.
8:08 of 2nd period - Robby Fabbri wins face-off versus Claude Giroux in Vancouver Canucks zone.
8:08 of 2nd period - Robby Fabbri is hit by Mats Zuccarello.
8:15 of 2nd period - Snap shot by Mats Zuccarello.
8:15 of 2nd period - Shot Blocked by Jacob Bryson.
8:17 of 2nd period - Wrist shot by Brayden McNabb.
8:17 of 2nd period - Shot Misses the Net.
8:19 of 2nd period - Backhand shot by Claude Giroux.
8:19 of 2nd period - Stopped by Joonas Korpisalo without a rebound.
8:20 of 2nd period - Aleksander Barkov wins face-off versus Tyler Seguin in Vancouver Canucks zone.
8:27 of 2nd period - Snap shot by Mikko Rantanen.
8:27 of 2nd period - Shot Hit the Post.
8:29 of 2nd period - Snap shot by Miro Heiskanen.
8:29 of 2nd period - Stopped by Carter Hart with a rebound.
8:31 of 2nd period - Wrist shot by Aleksander Barkov.
8:31 of 2nd period - Stopped by Carter Hart with a rebound.
8:33 of 2nd period - Slapshot by Mikko Rantanen.
8:33 of 2nd period - Stopped by Carter Hart with a rebound.
8:35 of 2nd period - Slapshot by Miro Heiskanen.
8:35 of 2nd period - Stopped by Carter Hart without a rebound.
8:36 of 2nd period - Claude Giroux wins face-off versus Robby Fabbri in Arizona Coyotes zone.
8:51 of 2nd period - Backhand shot by Mats Zuccarello.
8:51 of 2nd period - Stopped by Joonas Korpisalo with a rebound.
8:53 of 2nd period - Slapshot by Jani Hakanpaa.
8:53 of 2nd period - Shot Hit the Post.
9:17 of 2nd period - Minor Penalty to Mason McTavish for Holding.
9:18 of 2nd period - Artturi Lehkonen wins face-off versus Mats Zuccarello in Arizona Coyotes zone.
9:29 of 2nd period - Off-side.
9:30 of 2nd period - Clayton Keller wins face-off versus Claude Giroux in neutral zone.
9:33 of 2nd period - Backhand shot by Miro Heiskanen.
9:33 of 2nd period - Shot Misses the Net.
9:35 of 2nd period - Snap shot by Mikko Rantanen.
9:35 of 2nd period - Shot Misses the Net.
10:15 of 2nd period - Radko Gudas is hit by Noah Hanifin and loses puck.
10:22 of 2nd period - Wrist shot by Casey Mittelstadt.
10:22 of 2nd period - Stopped by Carter Hart with a rebound.
10:24 of 2nd period - Wrist shot by Artturi Lehkonen.
10:24 of 2nd period - Deflect By Casey Mittelstadt.
10:24 of 2nd period - Shot Misses the Net.
10:24 of 2nd period - Puck is out of play.
10:25 of 2nd period - Aleksander Barkov wins face-off versus Mats Zuccarello in Arizona Coyotes zone.
11:17 of 2nd period - Penalty to Mason McTavish is over, Mason McTavish is back on ice.
11:37 of 2nd period - Snap shot by Jakob Silfverberg.
11:37 of 2nd period - Shot Blocked by Anton Lundell.
11:51 of 2nd period - Wrist shot by Ross Colton.
11:51 of 2nd period - Shot Blocked by Chad Ruhwedel.
11:53 of 2nd period - Snap shot by Jared Spurgeon.
11:53 of 2nd period - Shot Misses the Net.
11:55 of 2nd period - Slapshot by Jared Spurgeon.
11:55 of 2nd period - Shot Blocked by Jacob Bryson.
12:29 of 2nd period - Wrist shot by Noah Cates.
12:29 of 2nd period - Stopped by Carter Hart with a rebound.
12:43 of 2nd period - Mats Zuccarello is hit by Mikko Rantanen.
14:07 of 2nd period - Slapshot by Jared Spurgeon.
14:07 of 2nd period - Shot Misses the Net.
14:09 of 2nd period - Slapshot by Jared Spurgeon.
14:09 of 2nd period - Deflect By Brandon Tanev.
14:09 of 2nd period - Goal by Brandon Tanev - Vancouver Canucks : 1 - Arizona Coyotes : 2.
14:10 of 2nd period - Aleksander Barkov wins face-off versus Tyler Seguin in neutral zone.
14:13 of 2nd period - Mason McTavish is hit by Clayton Keller and loses puck.
14:18 of 2nd period - Snap shot by Aleksander Barkov.
14:18 of 2nd period - Stopped by Carter Hart with a rebound.
14:20 of 2nd period - Slapshot by Mikko Rantanen.
14:20 of 2nd period - Stopped by Carter Hart without a rebound.
14:21 of 2nd period - Claude Giroux wins face-off versus Aleksander Barkov in Arizona Coyotes zone.
14:48 of 2nd period - Ondrej Palat is hit by Artturi Lehkonen.
14:56 of 2nd period - Wrist shot by Artturi Lehkonen.
14:56 of 2nd period - Shot Blocked by Jani Hakanpaa.
14:58 of 2nd period - Slapshot by Noah Hanifin.
14:58 of 2nd period - Stopped by Carter Hart without a rebound.
14:59 of 2nd period - Claude Giroux wins face-off versus Jesperi Kotkaniemi in Arizona Coyotes zone.
15:04 of 2nd period - Wrist shot by Mats Zuccarello.
15:04 of 2nd period - Shot Misses the Net.
15:06 of 2nd period - Snap shot by Mats Zuccarello.
15:06 of 2nd period - Stopped by Joonas Korpisalo with a rebound.
15:16 of 2nd period - Wrist shot by Charlie Coyle.
15:16 of 2nd period - Stopped by Joonas Korpisalo with a rebound.
16:15 of 2nd period - Wrist shot by Sam Lafferty.
16:15 of 2nd period - Stopped by Carter Hart without a rebound.
16:16 of 2nd period - Tyler Seguin wins face-off versus Robby Fabbri in Arizona Coyotes zone.
16:29 of 2nd period - Wrist shot by Kasperi Kapanen.
16:29 of 2nd period - Shot Misses the Net.
17:12 of 2nd period - Wrist shot by Ross Colton.
17:12 of 2nd period - Stopped by Joonas Korpisalo with a rebound.
17:14 of 2nd period - Slapshot by Jared Spurgeon.
17:14 of 2nd period - Stopped by Joonas Korpisalo without a rebound.
17:15 of 2nd period - Tyler Seguin wins face-off versus Jesperi Kotkaniemi in Vancouver Canucks zone.
17:18 of 2nd period - Snap shot by Ondrej Palat.
17:18 of 2nd period - Stopped by Joonas Korpisalo without a rebound.
17:19 of 2nd period - Tyler Seguin wins face-off versus Jesperi Kotkaniemi in Vancouver Canucks zone.
17:28 of 2nd period - Snap shot by Mason McTavish.
17:28 of 2nd period - Stopped by Joonas Korpisalo without a rebound.
17:29 of 2nd period - Robby Fabbri wins face-off versus Claude Giroux in Vancouver Canucks zone.
17:34 of 2nd period - Wrist shot by Mats Zuccarello.
17:34 of 2nd period - Deflect By Claude Giroux.
17:34 of 2nd period - Shot Misses the Net.
17:34 of 2nd period - Puck is out of play.
17:35 of 2nd period - Robby Fabbri wins face-off versus Claude Giroux in Vancouver Canucks zone.
17:44 of 2nd period - Wrist shot by Charlie Coyle.
17:44 of 2nd period - Shot Misses the Net.
17:46 of 2nd period - Wrist shot by Mats Zuccarello.
17:46 of 2nd period - Shot Blocked by Noah Hanifin.
17:48 of 2nd period - Snap shot by Mats Zuccarello.
17:48 of 2nd period - Shot Misses the Net.
17:50 of 2nd period - Wrist shot by Brayden McNabb.
17:50 of 2nd period - Deflect By Mats Zuccarello.
17:50 of 2nd period - Shot Blocked by Justin Schultz.
17:50 of 2nd period - Puck is out of play.
17:51 of 2nd period - Jesperi Kotkaniemi wins face-off versus Tyler Seguin in Vancouver Canucks zone.
17:58 of 2nd period - Snap shot by Casey Mittelstadt.
17:58 of 2nd period - Shot Misses the Net.
18:45 of 2nd period - Mikko Rantanen is hit by James van Riemsdyk.
18:53 of 2nd period - Wrist shot by Mikko Rantanen.
18:53 of 2nd period - Shot Misses the Net.
19:23 of 2nd period - Snap shot by James van Riemsdyk.
19:23 of 2nd period - Shot Misses the Net.
19:37 of 2nd period - Snap shot by Mats Zuccarello.
19:37 of 2nd period - Shot Misses the Net.
19:41 of 2nd period - Snap shot by Mats Zuccarello.
19:41 of 2nd period - Stopped by Joonas Korpisalo without a rebound.
19:42 of 2nd period - Aleksander Barkov wins face-off versus Claude Giroux in Vancouver Canucks zone.
19:49 of 2nd period - Slapshot by Miro Heiskanen.
19:49 of 2nd period - Deflect By Mikko Rantanen.
19:49 of 2nd period - Stopped by Carter Hart with a rebound.
19:59 of 2nd period - Backhand shot by Charlie Coyle.
19:59 of 2nd period - Shot Misses the Net.
Goals for this period are 0 for Vancouver Canucks vs 2 for Arizona Coyotes.
Shots for this period are 11 for Vancouver Canucks vs 17 for Arizona Coyotes.
3rd period
0:01 of 3rd period - Robby Fabbri wins face-off versus Tyler Seguin in neutral zone.
1:09 of 3rd period - Slapshot by Ross Colton.
1:09 of 3rd period - Shot Misses the Net.
1:11 of 3rd period - Snap shot by Brandon Tanev.
1:11 of 3rd period - Shot Misses the Net.
1:13 of 3rd period - Slapshot by Jared Spurgeon.
1:13 of 3rd period - Shot Misses the Net.
1:23 of 3rd period - Wrist shot by Mats Zuccarello.
1:23 of 3rd period - Shot Misses the Net.
1:25 of 3rd period - Slapshot by Johnathan Kovacevic.
1:25 of 3rd period - Stopped by Joonas Korpisalo without a rebound.
1:26 of 3rd period - Claude Giroux wins face-off versus Robby Fabbri in Vancouver Canucks zone.
1:27 of 3rd period - Snap shot by Mats Zuccarello.
1:27 of 3rd period - Deflect By Charlie Coyle.
1:27 of 3rd period - Stopped by Joonas Korpisalo with a rebound.
1:29 of 3rd period - Wrist shot by Charlie Coyle.
1:29 of 3rd period - Shot Blocked by Artturi Lehkonen.
1:31 of 3rd period - Wrist shot by Johnathan Kovacevic.
1:31 of 3rd period - Shot Misses the Net.
1:40 of 3rd period - Snap shot by Matt Dumba.
1:40 of 3rd period - Stopped by Joonas Korpisalo with a rebound.
1:42 of 3rd period - Wrist shot by Mats Zuccarello.
1:42 of 3rd period - Stopped by Joonas Korpisalo with a rebound.
2:20 of 3rd period - Snap shot by Erik Haula.
2:20 of 3rd period - Stopped by Joonas Korpisalo without a rebound.
2:21 of 3rd period - Charlie Coyle wins face-off versus Robby Fabbri in Vancouver Canucks zone.
2:28 of 3rd period - Snap shot by Mats Zuccarello.
2:28 of 3rd period - Deflect By Claude Giroux.
2:28 of 3rd period - Stopped by Joonas Korpisalo with a rebound.
2:36 of 3rd period - Mats Zuccarello is hit by Artturi Lehkonen and loses puck.
2:59 of 3rd period - Ondrej Palat is hit by Clayton Keller and loses puck.
3:22 of 3rd period - Radko Gudas is hit by Taylor Raddysh and loses puck.
3:44 of 3rd period - Wrist shot by Robby Fabbri.
3:44 of 3rd period - Stopped by Carter Hart with a rebound.
3:46 of 3rd period - Slapshot by Justin Schultz.
3:46 of 3rd period - Shot Blocked by Erik Haula.
4:08 of 3rd period - Noah Cates is hit by Claude Giroux.
4:46 of 3rd period - Casey Mittelstadt is hit by Matt Dumba and loses puck.
5:13 of 3rd period - Jani Hakanpaa is hit by Artturi Lehkonen and loses puck.
5:26 of 3rd period - Claude Giroux is hit by Jacob Bryson and loses puck.
5:37 of 3rd period - Wrist shot by Mikko Rantanen.
5:37 of 3rd period - Stopped by Carter Hart with a rebound.
5:53 of 3rd period - Slapshot by Jesperi Kotkaniemi.
5:53 of 3rd period - Stopped by Carter Hart with a rebound.
5:55 of 3rd period - Backhand shot by Jesperi Kotkaniemi.
5:55 of 3rd period - Shot Misses the Net.
5:57 of 3rd period - Wrist shot by Chad Ruhwedel.
5:57 of 3rd period - Shot Misses the Net.
5:59 of 3rd period - Snap shot by Chad Ruhwedel.
5:59 of 3rd period - Deflect By Casey Mittelstadt.
5:59 of 3rd period - Stopped by Carter Hart without a rebound.
6:00 of 3rd period - Artturi Lehkonen wins face-off versus Tyler Seguin in Arizona Coyotes zone.
6:01 of 3rd period - Slapshot by Robby Fabbri.
6:01 of 3rd period - Shot Misses the Net.
6:35 of 3rd period - Snap shot by Aleksander Barkov.
6:35 of 3rd period - Deflect By Mikko Rantanen.
6:35 of 3rd period - Stopped by Carter Hart without a rebound.
6:36 of 3rd period - Tyler Seguin wins face-off versus Jesperi Kotkaniemi in Arizona Coyotes zone.
6:41 of 3rd period - Slapshot by Brayden McNabb.
6:41 of 3rd period - Shot Misses the Net.
8:07 of 3rd period - Wrist shot by Claude Giroux.
8:07 of 3rd period - Shot Blocked by Clayton Keller.
8:09 of 3rd period - Snap shot by Claude Giroux.
8:09 of 3rd period - Deflect By Aleksander Barkov.
8:09 of 3rd period - Shot Misses the Net.
8:09 of 3rd period - Puck is out of play.
8:10 of 3rd period - Tyler Seguin wins face-off versus Kasperi Kapanen in Vancouver Canucks zone.
8:16 of 3rd period - Minor Penalty to Robby Fabbri for Kneeing.
8:17 of 3rd period - Tyler Seguin wins face-off versus Clayton Keller in Vancouver Canucks zone.
8:21 of 3rd period - Wrist shot by Mason McTavish.
8:21 of 3rd period - Stopped by Joonas Korpisalo without a rebound.
8:22 of 3rd period - Tyler Seguin wins face-off versus Clayton Keller in Vancouver Canucks zone.
8:23 of 3rd period - Snap shot by Mason McTavish.
8:23 of 3rd period - Shot Misses the Net.
8:25 of 3rd period - Snap shot by Tyler Seguin.
8:25 of 3rd period - Stopped by Joonas Korpisalo without a rebound.
8:26 of 3rd period - Tyler Seguin wins face-off versus Clayton Keller in Vancouver Canucks zone.
8:31 of 3rd period - Slapshot by Mason McTavish.
8:31 of 3rd period - Stopped by Joonas Korpisalo with a rebound.
8:33 of 3rd period - Snap shot by Tyler Seguin.
8:33 of 3rd period - Stopped by Joonas Korpisalo with a rebound.
9:01 of 3rd period - Snap shot by Mason McTavish.
9:01 of 3rd period - Stopped by Joonas Korpisalo with a rebound.
9:03 of 3rd period - Snap shot by Mason McTavish.
9:03 of 3rd period - Deflect By Aleksander Barkov.
9:03 of 3rd period - Stopped by Joonas Korpisalo without a rebound.
9:04 of 3rd period - Claude Giroux wins face-off versus Aleksander Barkov in Vancouver Canucks zone.
10:16 of 3rd period - Penalty to Robby Fabbri is over, Robby Fabbri is back on ice.
10:33 of 3rd period - Icing by Johnathan Kovacevic.
10:34 of 3rd period - Ross Colton wins face-off versus Jesperi Kotkaniemi in Arizona Coyotes zone.
10:34 of 3rd period - Ross Colton is hit by Jesperi Kotkaniemi.
10:55 of 3rd period - Adam Boqvist is hit by Johnathan Kovacevic.
11:51 of 3rd period - Kasperi Kapanen is hit by Mason McTavish and loses puck.
11:52 of 3rd period - Kasperi Kapanen from Vancouver Canucks is injured at 11:52 of 3rd period (Bruised Right Arm).
11:53 of 3rd period - Tyler Seguin wins face-off versus Aleksander Barkov in Vancouver Canucks zone.
11:58 of 3rd period - Snap shot by Mason McTavish.
11:58 of 3rd period - Stopped by Joonas Korpisalo with a rebound.
12:00 of 3rd period - Wrist shot by Brayden McNabb.
12:00 of 3rd period - Shot Blocked by Noah Hanifin.
12:57 of 3rd period - Off-side.
12:58 of 3rd period - Tyler Seguin wins face-off versus Jesperi Kotkaniemi in neutral zone.
13:11 of 3rd period - Snap shot by Mason McTavish.
13:11 of 3rd period - Shot Misses the Net.
13:42 of 3rd period - Minor Penalty to Radko Gudas for Tripping.
13:43 of 3rd period - Claude Giroux wins face-off versus Casey Mittelstadt in Arizona Coyotes zone.
14:14 of 3rd period - Wrist shot by Tyler Seguin.
14:14 of 3rd period - Shot Hit the Post.
15:42 of 3rd period - Penalty to Radko Gudas is over, Radko Gudas is back on ice.
15:55 of 3rd period - Slapshot by Jesperi Kotkaniemi.
15:55 of 3rd period - Stopped by Carter Hart with a rebound.
15:57 of 3rd period - Slapshot by Miro Heiskanen.
15:57 of 3rd period - Shot Blocked by Charlie Coyle.
15:59 of 3rd period - Wrist shot by Taylor Raddysh.
15:59 of 3rd period - Shot Misses the Net.
16:15 of 3rd period - Wrist shot by Claude Giroux.
16:15 of 3rd period - Shot Blocked by Casey Mittelstadt.
16:40 of 3rd period - Off-side.
16:41 of 3rd period - Ross Colton wins face-off versus Taylor Raddysh in neutral zone.
16:50 of 3rd period - Slapshot by Ross Colton.
16:50 of 3rd period - Shot Misses the Net.
16:52 of 3rd period - Slapshot by Jared Spurgeon.
16:52 of 3rd period - Deflect By Adam Boqvist.
16:52 of 3rd period - Stopped by Joonas Korpisalo with a rebound.
16:54 of 3rd period - Wrist shot by Brock McGinn.
16:54 of 3rd period - Shot Misses the Net.
17:26 of 3rd period - Wrist shot by Brock McGinn.
17:26 of 3rd period - Shot Blocked by Taylor Raddysh.
17:34 of 3rd period - Snap shot by Brandon Tanev.
17:34 of 3rd period - Stopped by Joonas Korpisalo without a rebound.
17:35 of 3rd period - Erik Haula wins face-off versus Aleksander Barkov in Vancouver Canucks zone.
17:42 of 3rd period - Slapshot by Erik Haula.
17:42 of 3rd period - Shot Misses the Net.
18:05 of 3rd period - Robby Fabbri is hit by Mason McTavish and loses puck.
18:18 of 3rd period - Slapshot by Tyler Seguin.
18:18 of 3rd period - Stopped by Joonas Korpisalo with a rebound.
19:06 of 3rd period - Vancouver Canucks, Joonas Korpisalo is pulled from the net.
19:26 of 3rd period - Slapshot by Mikko Rantanen.
19:26 of 3rd period - Deflect By Clayton Keller.
19:26 of 3rd period - Shot Blocked by Radko Gudas.
19:26 of 3rd period - Puck is out of play.
19:27 of 3rd period - Jeremy Colliton call a timeout for Vancouver Canucks.
19:27 of 3rd period - Erik Haula wins face-off versus Aleksander Barkov in Arizona Coyotes zone.
19:48 of 3rd period - Jakob Silfverberg is hit by Noah Hanifin and loses puck.
Goals for this period are 0 for Vancouver Canucks vs 0 for Arizona Coyotes.
Shots for this period are 6 for Vancouver Canucks vs 16 for Arizona Coyotes.
Back to the Top